TOP OF THE 1ST |
Lansing Lugnuts batting - Pitching for Delmarva Shorebirds : RHP Tyler Bach
|
Pitching: RHP Tyler Bach
|
|
Batting: RHB Justin Geiger
|
0-0: Ground out 5-3 (Groundball, 56S, EV 87.5 MPH)
|
Batting: RHB Dylan Phillips
|
0-0: Ground out 4-3 (Groundball, 34, EV 95.0 MPH)
|
Batting: RHB Raul de la Cruz
|
0-0: Foul Ball, location: 2F 0-1: Ball 1-1: Ball 2-1: Foul Ball, location: 2F 2-2: Foul Ball, location: 2F 2-2: Ground out 2-3 (Groundball, 15S, EV 68.8 MPH)
|
Top of the 1st over - 0 runs, 0 hits, 0 errors, 0 left on base; Lansing 0 - Delmarva 0 |
BOTTOM OF THE 1ST |
Delmarva Shorebirds batting - Pitching for Lansing Lugnuts : RHP Scott Lowry
|
Pitching: RHP Scott Lowry
|
|
Batting: RHB Francisco Viera
|
0-0: Ball 1-0: Called Strike 1-1: Ball 2-1: Swinging Strike 2-2: SINGLE (Groundball, 4MD, EV 100.0 MPH)
|
Batting: RHB Jeremy Sipe
|
0-0: Ball Francisco Viera steals 2nd base 1-0: Ball 2-0: Ball 3-0: Base on Balls
|
Batting: LHB Tomas de Zeeuw
|
0-0: Called Strike 0-1: Foul Ball, location: 2F 0-2: Strikes out swinging
|
Batting: LHB Justin Moore
|
0-0: Ball 1-0: Ball 2-0: Called Strike 2-1: Foul Ball, location: 2F 2-2: Fly out, F9 (Flyball, 89S, EV 85.0 MPH)
|
Batting: RHB Ben Sutton
|
0-0: Called Strike 0-1: Fly out, F9 (Flyball, 9LS, EV 76.9 MPH)
|
Bottom of the 1st over - 0 runs, 1 hit, 0 errors, 2 left on base; Lansing 0 - Delmarva 0 |
TOP OF THE 2ND |
Lansing Lugnuts batting - Pitching for Delmarva Shorebirds : RHP Tyler Bach
|
Batting: LHB Ray Whitehead
|
0-0: Ball 1-0: Ground out 6-3 (Groundball, 4M, EV 89.4 MPH)
|
Batting: RHB Carlos Renteria
|
0-0: Ball 1-0: Ball 2-0: Ground out 6-3 (Groundball, 6, EV 88.1 MPH)
|
Batting: LHB Timo Gomez
|
0-0: Called Strike 0-1: Called Strike 0-2: Foul Ball, location: 2F 0-2: Ball 1-2: SINGLE (Line Drive, 8LS, EV 100.6 MPH)
|
Batting: RHB Bobby Lasaguna
|
0-0: Ball Timo Gomez is caught stealing 2nd base 2-4
|
Top of the 2nd over - 0 runs, 1 hit, 0 errors, 0 left on base; Lansing 0 - Delmarva 0 |
BOTTOM OF THE 2ND |
Delmarva Shorebirds batting - Pitching for Lansing Lugnuts : RHP Scott Lowry
|
Batting: LHB Miguel Medina
|
0-0: Ball 1-0: Ball 2-0: Fly out, F8 (Flyball, 89M, EV 90.0 MPH)
|
Batting: RHB Ray Sims
|
0-0: Ball 1-0: Swinging Strike 1-1: Ball 2-1: Ground out 5-3 (Groundball, 56S, EV 80.0 MPH)
|
Batting: SHB Jared Boyce
|
0-0: Ball 1-0: Ball 2-0: Ball 3-0: Called Strike 3-1: Ground out 4-3 (Groundball, 4S, EV 63.8 MPH)
|
Bottom of the 2nd over - 0 runs, 0 hits, 0 errors, 0 left on base; Lansing 0 - Delmarva 0 |
TOP OF THE 3RD |
Lansing Lugnuts batting - Pitching for Delmarva Shorebirds : RHP Tyler Bach
|
Batting: RHB Bobby Lasaguna
|
0-0: Ball 1-0: SINGLE (Groundball, 4MD, EV 101.2 MPH)
|
Batting: SHB Scott Robbins
|
0-0: Ball Bobby Lasaguna steals 2nd base (no throw) 1-0: Foul Ball, location: 2F 1-1: Ball Bobby Lasaguna steals 3rd base 2-1: Foul Ball, location: 2F 2-2: Ground out 5-3 (Groundball, 56, EV 88.8 MPH) Bobby Lasaguna scores
|
Batting: LHB Roger Escareno
|
0-0: Ball 1-0: Ground out 5-3 (Groundball, 6, EV 90.6 MPH)
|
Batting: RHB Justin Geiger
|
0-0: Fly out, F8 (Flyball, 8RD, EV 83.1 MPH)
|
Top of the 3rd over - 1 run, 1 hit, 0 errors, 0 left on base; Lansing 1 - Delmarva 0 |
BOTTOM OF THE 3RD |
Delmarva Shorebirds batting - Pitching for Lansing Lugnuts : RHP Scott Lowry
|
Batting: RHB Lee Deason
|
0-0: Called Strike 0-1: Ball 1-1: Ball 2-1: DOUBLE (Groundball, 5L, EV 106.2 MPH)
|
Batting: RHB Francisco Viera
|
0-0: Ball 1-0: Fly out, F9 (Flyball, 9LMF, EV 87.5 MPH)
|
Batting: RHB Jeremy Sipe
|
0-0: Called Strike 0-1: Foul Ball, location: 2F 0-2: Ball 1-2: Fly out, F8 (Flyball, 78M, EV 92.5 MPH)
|
Batting: LHB Tomas de Zeeuw
|
0-0: Ground out 1-3 (Groundball, 34S, EV 62.5 MPH)
|
Bottom of the 3rd over - 0 runs, 1 hit, 0 errors, 1 left on base; Lansing 1 - Delmarva 0 |
TOP OF THE 4TH |
Lansing Lugnuts batting - Pitching for Delmarva Shorebirds : RHP Tyler Bach
|
Batting: RHB Dylan Phillips
|
0-0: Called Strike 0-1: Ball 1-1: Ball 2-1: Ground out 4-3 (Groundball, 4, EV 106.9 MPH)
|
Batting: RHB Raul de la Cruz
|
0-0: Ball 1-0: Ball 2-0: Foul Ball, location: 2F 2-1: Ball 3-1: Foul Ball, location: 2F 3-2: Foul Ball, location: 2F 3-2: Ground out U3 (Groundball, 34S, EV 79.4 MPH)
|
Batting: LHB Ray Whitehead
|
0-0: Ball 1-0: SINGLE (Line Drive, 7S, EV 106.9 MPH)
|
Batting: RHB Carlos Renteria
|
0-0: Ball 1-0: Called Strike 1-1: Ball 2-1: Foul Ball, location: 2F 2-2: SINGLE (Groundball, 56S, EV 68.1 MPH) (infield hit) Ray Whitehead to second
|
Batting: LHB Timo Gomez
|
0-0: Ball 1-0: Foul Ball, location: 2F 1-1: Ground out U3 (Groundball, 3L, EV 91.2 MPH)
|
Top of the 4th over - 0 runs, 2 hits, 0 errors, 2 left on base; Lansing 1 - Delmarva 0 |
BOTTOM OF THE 4TH |
Delmarva Shorebirds batting - Pitching for Lansing Lugnuts : RHP Scott Lowry
|
Batting: LHB Justin Moore
|
0-0: Foul Ball, location: 2F 0-1: Fly out, F7 (Flyball, 78XD, EV 103.8 MPH)
|
Batting: RHB Ben Sutton
|
0-0: Ball 1-0: Called Strike 1-1: Ground out 5-3 (Groundball, 56S, EV 84.4 MPH)
|
Batting: LHB Miguel Medina
|
0-0: Ball 1-0: Foul Ball, location: 2F 1-1: Ball 2-1: Foul Ball, location: 2F 2-2: Ground out 6-3 (Groundball, 6, EV 81.2 MPH)
|
Bottom of the 4th over - 0 runs, 0 hits, 0 errors, 0 left on base; Lansing 1 - Delmarva 0 |
TOP OF THE 5TH |
Lansing Lugnuts batting - Pitching for Delmarva Shorebirds : RHP Tyler Bach
|
Batting: RHB Bobby Lasaguna
|
0-0: Foul Ball, location: 2F 0-1: Ball 1-1: Foul Ball, location: 2F 1-2: Foul Ball, location: 2F 1-2: Strikes out looking
|
Batting: SHB Scott Robbins
|
0-0: Called Strike 0-1: SINGLE (Line Drive, 8RS, EV 101.9 MPH)
|
Batting: LHB Roger Escareno
|
0-0: Called Strike 0-1: Called Strike 0-2: Grounds into double play, 4-6-3 (Groundball, 4, EV 81.2 MPH)
|
Top of the 5th over - 0 runs, 1 hit, 0 errors, 0 left on base; Lansing 1 - Delmarva 0 |
BOTTOM OF THE 5TH |
Delmarva Shorebirds batting - Pitching for Lansing Lugnuts : RHP Scott Lowry
|
Batting: RHB Ray Sims
|
0-0: Called Strike 0-1: Ball 1-1: Ball 2-1: Foul Ball, location: 2F 2-2: Strikes out looking
|
Batting: SHB Jared Boyce
|
0-0: Called Strike 0-1: Swinging Strike 0-2: Ball 1-2: Ball 2-2: Strikes out swinging
|
Batting: RHB Lee Deason
|
0-0: Ball 1-0: Called Strike 1-1: Fly out, F3 (Popup, 3D, EV 59.4 MPH)
|
Bottom of the 5th over - 0 runs, 0 hits, 0 errors, 0 left on base; Lansing 1 - Delmarva 0 |
TOP OF THE 6TH |
Lansing Lugnuts batting - Pitching for Delmarva Shorebirds : RHP Tyler Bach
|
Batting: RHB Justin Geiger
|
0-0: Ball 1-0: SINGLE (Flyball, 5D, EV 88.1 MPH)
|
Batting: RHB Dylan Phillips
|
0-0: Called Strike 0-1: Ball 1-1: Foul Ball, location: 2F 1-2: Ball 2-2: Ball Wild Pitch! Justin Geiger to second 3-2: Foul Ball, location: 2F 3-2: SINGLE (Flyball, 34D, EV 95.0 MPH) Justin Geiger to third
|
Batting: RHB Raul de la Cruz
|
0-0: Called Strike 0-1: Foul Ball, location: 2F 0-2: Ball 1-2: Ball 2-2: Foul Ball, location: 2F 2-2: Ball 3-2: Fly out, F8 (Flyball, 8RXD, EV 98.1 MPH) Runner from 3rd tags up, SCORES, no throw by CF
|
Batting: LHB Ray Whitehead
|
0-0: Foul Ball, location: 2F 0-1: Ball Dylan Phillips steals 2nd base 1-1: Intentional Walk
|
Batting: RHB Carlos Renteria
|
0-0: Called Strike 0-1: Called Strike 0-2: Ball 1-2: Foul Ball, location: 2F 1-2: Fielders Choice at 2nd, 5-4 (Groundball, 56, EV 76.9 MPH) Dylan Phillips to third
|
Batting: LHB Timo Gomez
|
0-0: Foul Ball, location: 2F 0-1: Foul Ball, location: 2F 0-2: Foul Ball, location: 2F 0-2: Fly out, F9 (Flyball, 89D, EV 91.9 MPH)
|
Top of the 6th over - 1 run, 2 hits, 0 errors, 2 left on base; Lansing 2 - Delmarva 0 |
BOTTOM OF THE 6TH |
Delmarva Shorebirds batting - Pitching for Lansing Lugnuts : RHP Scott Lowry
|
Batting: RHB Francisco Viera
|
0-0: Ball 1-0: Ball 2-0: Foul Ball, location: 2F 2-1: Called Strike 2-2: Strikes out swinging
|
Batting: RHB Jeremy Sipe
|
0-0: Swinging Strike 0-1: Ball 1-1: DOUBLE (Line Drive, 7LM, EV 105.6 MPH)
|
Batting: LHB Tomas de Zeeuw
|
0-0: Ball 1-0: Ball 2-0: Ground out 3-1 (Groundball, 34, EV 103.8 MPH) Jeremy Sipe to third
|
Batting: LHB Justin Moore
|
0-0: Called Strike 0-1: Ball Wild Pitch! Jeremy Sipe scores 1-1: Foul Ball, location: 2F 1-2: Foul Ball, location: 2F 1-2: SOLO HOME RUN (Flyball, 89XD, EV 107.5 MPH), Distance : 401 ft
|
Batting: RHB Ben Sutton
|
0-0: Ball 1-0: Swinging Strike 1-1: Ball 2-1: Fly out, F3 (Line Drive, 3, EV 65.6 MPH)
|
Bottom of the 6th over - 2 runs, 2 hits, 0 errors, 0 left on base; Lansing 2 - Delmarva 2 |
TOP OF THE 7TH |
Lansing Lugnuts batting - Pitching for Delmarva Shorebirds : RHP Tyler Bach
|
Pitching: LHP John Dyer
|
|
Batting: RHB Bobby Lasaguna
|
0-0: Ball 1-0: Ball 2-0: Foul Ball, location: 2F 2-1: Called Strike 2-2: TRIPLE (Flyball, 78XD, EV 90.6 MPH)
|
Batting: SHB Scott Robbins
|
0-0: SINGLE (Groundball, 56D, EV 100.0 MPH) Bobby Lasaguna scores
|
Pinch Runner at 1st Kennet Strijbis:
|
|
Batting: LHB Roger Escareno
|
|
Pinch Hitting: RHB Itsuo Egami
|
0-0: Ball 1-0: Bunt missed! 1-1: Sac Bunt to 13 - play at first, batter OUT! 1-3 Kennet Strijbis to second
|
Batting: RHB Justin Geiger
|
0-0: Ball Kennet Strijbis steals 3rd base 1-0: Called Strike 1-1: Ball 2-1: Ball 3-1: Base on Balls
|
Batting: RHB Dylan Phillips
|
0-0: Called Strike 0-1: Ball 1-1: Ball 2-1: Grounds into double play, 4-6-3 (Groundball, 4, EV 91.2 MPH)
|
Top of the 7th over - 1 run, 2 hits, 0 errors, 1 left on base; Lansing 3 - Delmarva 2 |
BOTTOM OF THE 7TH |
Delmarva Shorebirds batting - Pitching for Lansing Lugnuts : RHP Scott Lowry
|
Now at 1B: Kyle Scruggs
|
|
Now at 2B: Jamie Ogilvie
|
|
Now at 3B: Itsuo Egami
|
|
Now in RF: Frank Nelson
|
|
Batting: LHB Miguel Medina
|
0-0: Ball 1-0: Ball 2-0: Called Strike 2-1: Ball 3-1: Ground out U3 (Groundball, 3, EV 104.4 MPH)
|
Pitching: RHP Steve Schultz
|
|
Now at 1B: John Michener
|
|
Now at 3B: Kyle Scruggs
|
|
Batting: RHB Ray Sims
|
0-0: Foul Ball, location: 2F 0-1: Ball 1-1: SINGLE (Groundball, 6MD, EV 98.1 MPH)
|
Batting: SHB Jared Boyce
|
0-0: Ball 1-0: Fly out, F9 (Flyball, 89M, EV 72.5 MPH)
|
Pinch Hitting: SHB Brian Bentz
|
0-0: Ball 1-0: Swinging Strike 1-1: Swinging Strike Ray Sims is caught stealing 2nd base 2-6
|
Bottom of the 7th over - 0 runs, 1 hit, 0 errors, 0 left on base; Lansing 3 - Delmarva 2 |
TOP OF THE 8TH |
Lansing Lugnuts batting - Pitching for Delmarva Shorebirds : LHP John Dyer
|
Now at 2B: Brian Bentz
|
|
Now at SS: Jeremy Sipe
|
|
Batting: RHB Raul de la Cruz
|
0-0: Ball 1-0: Ball 2-0: Swinging Strike 2-1: Ball 3-1: Called Strike 3-2: Foul Ball, location: 2F 3-2: Base on Balls
|
Batting: LHB Ray Whitehead
|
0-0: Called Strike 0-1: Ball 1-1: Foul Ball, location: 2F 1-2: Fly out, F7 (Flyball, 7D, EV 103.1 MPH)
|
Batting: RHB Carlos Renteria
|
0-0: Called Strike 0-1: Fly out, F9 (Line Drive, 89D, EV 91.2 MPH)
|
Pinch Hitting: RHB Danny Alberto
|
0-0: Called Strike 0-1: Ball 1-1: Called Strike 1-2: Strikes out looking
|
Top of the 8th over - 0 runs, 0 hits, 0 errors, 1 left on base; Lansing 3 - Delmarva 2 |
BOTTOM OF THE 8TH |
Delmarva Shorebirds batting - Pitching for Lansing Lugnuts : RHP Steve Schultz
|
Now in CF: Jose Ontiveros
|
|
Batting: SHB Brian Bentz
|
0-0: Ball 1-0: Foul Ball, location: 2F 1-1: Ball 2-1: Foul Ball, location: 2F 2-2: Ball 3-2: Foul Ball, location: 2F 3-2: Base on Balls
|
Batting: RHB Francisco Viera
|
0-0: Bunt missed! 0-1: Bunted foul 0-2: Ball 1-2: Foul Ball, location: 2F 1-2: Ball 2-2: Ball 3-2: Fly out, F2 (Popup, 2RF, EV 52.5 MPH)
|
Batting: RHB Jeremy Sipe
|
0-0: Called Strike 0-1: Foul Ball, location: 2F 0-2: Strikes out looking
|
Batting: LHB Tomas de Zeeuw
|
0-0: Ball 1-0: Ball 2-0: Foul Ball, location: 2F 2-1: Swinging Strike 2-2: Ball 3-2: Base on Balls Brian Bentz to second
|
Pitching: LHP Bryan Reynolds
|
|
Batting: LHB Justin Moore
|
0-0: Ball 1-0: Called Strike 1-1: Ball 2-1: Ball 3-1: Called Strike 3-2: Base on Balls Brian Bentz to third Tomas de Zeeuw to second
|
Batting: RHB Ben Sutton
|
0-0: Ball 1-0: Called Strike 1-1: Called Strike 1-2: Ball 2-2: SINGLE (Line Drive, 78S, EV 101.9 MPH) Brian Bentz scores Tomas de Zeeuw to third Justin Moore to second Runner from 3rd tries for Home, throw by LF and OUT! 7-2
|
Bottom of the 8th over - 1 run, 1 hit, 0 errors, 2 left on base; Lansing 3 - Delmarva 3 |
TOP OF THE 9TH |
Lansing Lugnuts batting - Pitching for Delmarva Shorebirds : LHP John Dyer
|
Pitching: RHP Chris Kimura
|
|
Batting: RHB Bobby Lasaguna
|
0-0: Called Strike 0-1: Ball 1-1: Ball 2-1: Swinging Strike 2-2: Strikes out swinging
|
Pinch Hitting: LHB Pauli Gassinger
|
0-0: Ball 1-0: Foul Ball, location: 2F 1-1: Ground out 4-3 (Groundball, 34D, EV 106.9 MPH)
|
Batting: RHB John Michener
|
0-0: Called Strike 0-1: Foul Ball, location: 2F 0-2: Ball 1-2: Strikes out swinging
|
Top of the 9th over - 0 runs, 0 hits, 0 errors, 0 left on base; Lansing 3 - Delmarva 3 |
BOTTOM OF THE 9TH |
Delmarva Shorebirds batting - Pitching for Lansing Lugnuts : LHP Bryan Reynolds
|
Now at 3B: Elliot Manfredini
|
|
Pinch Hitting: RHB Steve Jones
|
0-0: Called Strike 0-1: Ball 1-1: Ground out 4-3 (Groundball, 4, EV 100.0 MPH)
|
Batting: RHB Ray Sims
|
0-0: Called Strike 0-1: Ball 1-1: Ground out 5-3 (Groundball, 56S, EV 90.0 MPH)
|
Batting: SHB Jared Boyce
|
0-0: Foul Ball, location: 2F 0-1: Swinging Strike 0-2: Ball 1-2: Strikes out looking
|
Bottom of the 9th over - 0 runs, 0 hits, 0 errors, 0 left on base; Lansing 3 - Delmarva 3 |
TOP OF THE 10TH |
Lansing Lugnuts batting - Pitching for Delmarva Shorebirds : RHP Chris Kimura
|
Now at 3B: Jorge Brito
|
|
Batting: LHB Frank Nelson
|
0-0: Ball 1-0: SOLO HOME RUN (Flyball, 9LD, EV 96.9 MPH), Distance : 340 ft
|
Batting: RHB Jamie Ogilvie
|
0-0: Fly out, F7 (Flyball, 78S, EV 90.0 MPH)
|
Batting: RHB Raul de la Cruz
|
0-0: Ground out 6-3 (Groundball, 6, EV 90.6 MPH)
|
Batting: LHB Ray Whitehead
|
0-0: Ball 1-0: Foul Ball, location: 2F 1-1: Foul Ball, location: 2F 1-2: Foul Ball, location: 2F 1-2: Foul Ball, location: 2F 1-2: Ground out U3 (Groundball, 34, EV 83.1 MPH)
|
Top of the 10th over - 1 run, 1 hit, 0 errors, 0 left on base; Lansing 4 - Delmarva 3 |
BOTTOM OF THE 10TH |
Delmarva Shorebirds batting - Pitching for Lansing Lugnuts : LHP Bryan Reynolds
|
Pitching: RHP Chris Kroesen
|
|
Batting: SHB Brian Bentz
|
0-0: Ball 1-0: Ball 2-0: SINGLE (Groundball, 56, EV 85.6 MPH) (infield hit)
|
Batting: RHB Francisco Viera
|
0-0: Bunted foul 0-1: Sac Bunt to 23 - play at first, batter OUT! 3-4 Brian Bentz to second
|
Batting: RHB Jeremy Sipe
|
0-0: Foul Ball, location: 2F 0-1: Ground out U3 (Groundball, 34, EV 80.6 MPH) Brian Bentz to third
|
Batting: LHB Tomas de Zeeuw
|
0-0: Ball 1-0: Foul Ball, location: 2F 1-1: Ball 2-1: Ground out U3 (Groundball, 34, EV 85.0 MPH)
|
Bottom of the 10th over - 0 runs, 1 hit, 0 errors, 1 left on base; Lansing 4 - Delmarva 3 |
|